 Dungeon Crawl Stone Soup version 0.26.1-11-gd32895ea62 (webtiles) character file.

Game seed: 5820437569946955420

315 Descartes the Ruffian (level 6, -13/59 HPs)
             Began as a Troll Chaos Knight on May 13, 2021.
             Was a Plaything of Xom.
             Mangled by an ogre
             ... wielding a +0 giant spiked club
              (26 damage)
             ... on level 4 of the Dungeon.
             The game lasted 00:04:13 (2556 turns).

Descartes the Ruffian (Troll Chaos Knight)          Turns: 2556, Time: 00:04:14

Health: -13/59     AC:  8    Str: 21    XL:     6   Next: 19%
Magic:  5/5        EV: 10    Int:  8    God:    Xom [......]
Gold:   225        SH:  0    Dex:  7    Spells: 5/5 levels left

rFire    . . .     SeeInvis .     - Unarmed
rCold    . . .     Faith    .   (no shield)
rNeg     . . .     Spirit   .   a - +2 robe
rPois    .         Reflect  .   (helmet restricted)
rElec    .         Harm     .   (no cloak)
rCorr    +         Rampage  .   (gloves unavailable)
Will     +....                  (boots unavailable)
Stlth    +.........             (no amulet)
HPRegen  0.59/turn              l - ring of resist corrosion
MPRegen  0.09/turn              (no ring)

@: no status effects
A: large, unfitting armour, claws 3, blurry vision 1, clumsy 1, deterioration 1,
dopey 1, strong-willed 1, regeneration 1, shaggy fur 1, tough skin 3
a: Renounce Religion


You were on level 4 of the Dungeon.
You worshipped Xom.
You were a very special plaything of Xom.
You visited 1 branch of the dungeon, and saw 4 of its levels.

You collected 225 gold pieces.

Inventory:

Missiles
 c - 99 stones (quivered)
 o - 8 bolts
 q - a throwing net
 r - 2 datura-tipped darts
Armour
 a - a +2 robe (worn)
Jewellery
 l - a ring of resist corrosion (left claw)
 p - a cursed ring of attention {unknown}
Scrolls
 b - 4 scrolls of teleportation {unknown}
 e - 7 scrolls of identify {unknown}
 g - a scroll of magic mapping {unknown}
 j - a scroll of random uselessness {unknown}
 m - a scroll of amnesia {unknown}
 n - a scroll of fear {unknown}
Potions
 d - a potion of mutation {unknown}
 f - a potion of brilliance {unknown}
 h - a potion of lignification {unknown}
 i - a potion of berserk rage {unknown}
 k - a potion of haste {unknown}


   Skills:
 - Level 2.4 Fighting
 - Level 1.9 Dodging
 + Level 7.0 Unarmed Combat


You had 5 spell levels left.
You didn't know any spells.
Your spell library was empty.

Dungeon Overview and Level Annotations

Branches:
Dungeon (4/15)
 Temple: D:4-7

Altars:
Fedhas
Makhleb
Nemelex Xobeh
Vehumet
Wu Jian


Innate Abilities, Weirdness & Mutations

You are too large for most types of armour.
You have claws for hands.
Your natural rate of healing is unusually fast.
You are covered in fur. (AC +1)
You have extremely tough skin. (AC +3)
Scrolls take you a little longer to read.
You are clumsy. (Dex -2)
Your body sometimes deteriorates upon taking damage.
You are dopey. (Int -2)
You are strong-willed. (Will+)


Message History

* * * LOW HITPOINT WARNING * * *
The hound barely misses you.
You are too injured to fight recklessly!
You are too injured to fight recklessly!
You are too injured to fight recklessly!
You barely miss the ogre. The hound bites you.
* * * LOW HITPOINT WARNING * * *
You scratch the ogre but do no damage. The ogre closely misses you.
The hound barely misses you.
You completely miss the ogre. The hound bites you.
* * * LOW HITPOINT WARNING * * *
The ogre closely misses you.
You mangle the ogre!!
The ogre is severely wounded.
The hound barely misses you. The hound bites you but does no damage.
You barely miss the ogre.
The ogre is severely wounded.
The ogre hits you with a +0 giant spiked club!!
You die...
Xom laughs nastily!

.. #...........
...#...........
..#...........
.'...........
#...........
#...........
###...h.......
#####....@O...#
#...#....<....#
#...#.........#
#...#.........#
#...#.........#
###'#.........#
###+###.........####
#.....#.........'..
+.....#.........#..


You could see an ogre and a hound.

Vanquished Creatures
  A scorpion (D:4)
  An orc priest (D:3)
  A hound (D:4)
  Jessica (D:2)
  A worker ant (D:4)
  Robin (D:2)
  4 adders
  An ooze (D:2)
  2 dart slugs (D:1)
  2 worms (D:2)
  3 leopard geckos (D:1)
  8 orcs
  4 bats
  4 giant cockroaches
  12 goblins
  8 hobgoblins
  3 jackals (D:2)
  10 kobolds
  3 quokkas
  A ball python (D:1)
  4 frilled lizards
  4 rats
79 creatures vanquished.

Vanquished Creatures (collateral kills)
  A goblin (D:2)
1 creature vanquished.

Grand Total: 80 creatures vanquished

Notes
Turn   | Place    | Note
-------+----------+-------------------------------------------
     0 | D:1      | Descartes the Troll Chaos Knight began the quest for the
                  | Orb.
     0 | D:1      | Reached XP level 1. HP: 22/22 MP: 0/0
    85 | D:1      | Reached XP level 2. HP: 29/29 MP: 1/1
   102 | D:1      | XOM: divination: magic mapping
   194 | D:1      | Reached skill level 4 in Unarmed Combat
   357 | D:1      | Reached XP level 3. HP: 36/36 MP: 2/2
   675 | D:2      | XOM: divination: detect items
   698 | D:2      | Noticed Robin
   712 | D:2      | XOM: silly message
   723 | D:2      | XOM: cast spell 'Summon Ice Beast'
   728 | D:2      | Killed Robin
   864 | D:2      | Found a burning altar of Makhleb.
   864 | D:2      | Found a radiant altar of Vehumet.
   900 | D:2      | Noticed Jessica
   901 | D:2      | XOM: confuse monster(s)
   907 | D:2      | Killed Jessica
   908 | D:2      | Reached skill level 5 in Unarmed Combat
   908 | D:2      | Reached XP level 4. HP: 44/44 MP: 3/3
   951 | D:2      | XOM: noise
  1437 | D:2      | XOM is BORED!
  1437 | D:2      | XOM: silly message
  1514 | D:2      | XOM: divination: magic mapping
  1730 | D:3      | Reached XP level 5. HP: 24/50 MP: 4/4
  1734 | D:3      | Reached skill level 6 in Unarmed Combat
  1738 | D:3      | XOM: give mutation
  1738 | D:3      | Gained mutation: You are clumsy. (Dex -2) [Xom's mischief]
  1840 | D:3      | XOM: blink monster(s)
  2085 | D:3      | Found a blossoming altar of Fedhas.
  2284 | D:4      | XOM: give mutations
  2284 | D:4      | Gained mutation: You are dopey. (Int -2) [Xom's mischief]
  2284 | D:4      | Gained mutation: You are strong-willed. (Will+) [Xom's
                  | mischief]
  2284 | D:4      | Gained mutation: Your body sometimes deteriorates upon
                  | taking damage. [Xom's mischief]
  2284 | D:4      | Gained mutation: Scrolls take you a little longer to read.
                  | [Xom's mischief]
  2320 | D:4      | Found an ornate altar of the Wu Jian Council.
  2320 | D:4      | Found a sparkling altar of Nemelex Xobeh.
  2395 | D:4      | XOM is BORED!
  2395 | D:4      | XOM: 4-stop teleportation journey
  2402 | D:4      | Reached XP level 6. HP: 45/59 MP: 5/5
  2548 | D:4      | XOM: 1-stop teleportation journey
  2549 | D:4      | Reached skill level 7 in Unarmed Combat
  2556 | D:4      | Mangled by an ogre

Illustrated notes

Levels and vault maps discovered:
D:1:      lightli_arrival_boilingwater, layout_loops_ring
D:2:      layout_basic, gammafunk_temple_overflow_elements, uniq_jessica,
          uniq_robin
D:3:      layout_basic, fedhas_altar_4, minivault_27
D:4:      layout_gridville, old_standard_altar, gammafunk_temple_overflow_statue

Skill      XL: |  1  2  3  4  5  6 |
---------------+-------------------+-----
Unarmed Combat | 4 5 6 7 |  7.0
Fighting       | |  2.4
Dodging        | |  1.9

Action                   |  1- 3 |  4- 6 || total
-------------------------+-------+-------++-------
Melee: Unarmed           |    89 |   117 ||   206
       Punch             |     3 |       ||     3
Armor: Robe              |    51 |    48 ||    99
Dodge: Dodged            |    35 |    54 ||    89
